 Dungeon Crawl Stone Soup version 0.29.1-2-gbd0b4ee654 (webtiles) character file.

Game seed: 7375107822516855441

92 cdecastro the Sneak (level 4, -1/24 HPs)
             Began as a Kobold Enchanter on Nov 2, 2022.
             Was a Priest of Lugonu.
             Slain by a gnoll sergeant
             ... wielding a +2 trident of venom
              (3 damage)
             ... on level 4 of the Dungeon.
             The game lasted 00:05:08 (3585 turns).

cdecastro the Sneak (Kobold Enchanter)              Turns: 3585, Time: 00:05:08

Health: -1/24      AC:  3    Str:  5    XL:     4   Next: 90%
Magic:  5/7        EV: 15    Int: 18    God:    Lugonu [***...]
Gold:   164        SH:  0    Dex: 15    Spells: 5/7 levels left

rFire   . . .      SeeInvis +   o - +1 dagger (drain)
rCold   . . .      Faith    .   (no shield)
rNeg    . . .      Spirit   .   b - +0 robe
rPois   +          Reflect  .   (no helmet)
rElec   .          Harm     .   (no cloak)
rCorr   .          Rampage  .   i - +0 pair of gloves
Will    .....                   (no boots)
Stlth   ++++......              (no amulet)
HPRegen 0.08/turn               l - ring of poison resistance
MPRegen 0.10/turn               w - ring of see invisible

@: lethally poisoned (-1 -> -7)
A: small, no large weapons, nightstalker 3
a: Renounce Religion, Depart the Abyss, Bend Space, Banish


You were on level 4 of the Dungeon.
You worshipped Lugonu.
Lugonu was most pleased with you.
You visited 1 branch of the dungeon, and saw 4 of its levels.

You collected 164 gold pieces.

Inventory:

Hand Weapons
 o - a +1 dagger of draining (weapon)
Missiles
 s - 28 stones
 u - 9 poisoned darts
Armour
 b - a +0 robe (worn)
 i - a +0 pair of gloves (worn)
 y - a +0 pair of boots
Jewellery
 k - a ring of ice
 l - a ring of poison resistance (left hand)
 t - a ring of fire
 v - a ring of poison resistance
 w - a ring of see invisible (right hand)
Scrolls
 a - 2 scrolls of blinking {unknown}
 e - a scroll of silence {unknown}
 f - 2 scrolls of butterflies {unknown}
 g - 2 scrolls of enchant armour {unknown}
 j - 2 scrolls of fear {unknown}
 m - a scroll of vulnerability {unknown}
 n - a scroll of enchant weapon {unknown}
 q - 2 scrolls of identify {unknown}
 r - 2 scrolls of magic mapping {unknown}
Potions
 c - 2 potions of invisibility
 d - 3 potions of curing {unknown}
 h - 2 potions of flight {unknown}
 p - a potion of brilliance {unknown}
 x - a potion of mutation {unknown}
 z - a potion of lignification {unknown}


   Skills:
 - Level 1.3 Short Blades
 - Level 2.4 Dodging
 + Level 5.3 Stealth
 - Level 2.1 Spellcasting
 * Level 4.6 Hexes


You had 5 spell levels left.
You knew the following spells:

 Your Spells              Type           Power      Damage    Failure   Level
a - Ensorcelled Hibernat  Hex/Ice        20%        N/A       11%         2

Your spell library contained the following spells:

 Spells                   Type           Power      Damage    Failure   Level
 Confusing Touch          Hex            18%        N/A       8%          3
 Tukima's Dance           Hex            18%        N/A       8%          3
 Dazzling Flash           Conj/Hex       20%        N/A       21%         3
 Silence                  Hex/Air        5%         N/A       88%         5
 Agony                    Necr           1%         N/A       99%         5


Dungeon Overview and Level Annotations

Branches:
Dungeon (4/15)
 Temple: D:4-7

Altars:
Lugonu

Shops:
D:1 [


Innate Abilities, Weirdness & Mutations

You are small and have problems with some larger weapons.
You are completely attuned to the shadows.


Message History

Press: ? - help, v - describe, . - travel
Here: a gnoll sergeant, wielding a +2 trident of venom, wearing a +0 ring mail and wearing a +0 buckler The floor.
Unknown command.
Aiming: Ensorcelled Hibernation (safe; 11% risk of failure)
Press: ? - help, Q - select action, (/) - cycle Shift-Dir - straight line, f - gnoll sergeant
Aim: a gnoll sergeant, wielding a +2 trident of venom, wearing a +0 ring mail and wearing a +0 buckler (chance to affect: 44%)
The gnoll sergeant looks drowsy...
The helpless gnoll sergeant fails to defend itself.
You impale the gnoll sergeant!!
The gnoll sergeant is severely wounded.
The gnoll sergeant misses you.
You barely miss the gnoll sergeant.
The gnoll sergeant is severely wounded.
A gnoll comes into view. It is wielding a +0 spear.
The gnoll sergeant hits you with a +2 trident of venom!
The gnoll shouts!
The gnoll shouts!
You hit the gnoll sergeant but do no damage.
The gnoll sergeant is severely wounded.
The gnoll sergeant barely misses you. The gnoll sergeant blocks your attack.
The gnoll sergeant is severely wounded.
The gnoll sergeant barely misses you. The gnoll sergeant blocks your attack.
The gnoll sergeant is severely wounded.
You hit the gnoll sergeant but do no damage.
You drain the gnoll sergeant.
The gnoll sergeant is almost dead.
The gnoll hits you from afar with a +0 spear.
* * * LOW HITPOINT WARNING * * *
The gnoll misses you.
The gnoll sergeant hits you with a +2 trident of venom!
* * * LOW HITPOINT WARNING * * *
You are lethally poisoned!
Unknown command.
* * * LOW HITPOINT WARNING * * *
You feel sick. The gnoll closely misses you.
The gnoll sergeant hits you from afar with a +2 trident of venom.
You die...

.####......
#......
#......
#......
#......
#..g...
#g.....
#.g...#
##@..#..##
##..###....
##...##.....
#...........
..........#
.....##..##
.######..#
#..# .
##.##..


You could see a gnoll sergeant (drained) and 2 gnolls.

Vanquished Creatures
  An adder (D:2)
  2 worms (D:2)
  2 dart slugs (D:2)
  An orc (D:3)
  5 bats
  7 endoplasms
  3 giant cockroaches
  6 goblins
  7 hobgoblins
  4 kobolds
  7 quokkas
  10 ball pythons
  4 frilled lizards
  6 rats
65 creatures vanquished.

Vanquished Creatures (others)
  A withered plant (D:4)
1 creature vanquished.

Grand Total: 66 creatures vanquished

Notes
Turn   | Place    | Note
-------+----------+-------------------------------------------
     0 | D:1      | cdecastro the Kobold Enchanter began the quest for the Orb.
     0 | D:1      | Reached XP level 1. HP: 10/10 MP: 3/3
   189 | D:1      | Reached XP level 2. HP: 15/15 MP: 5/5
   204 | D:1      | Found a faded altar of an unknown god.
   210 | D:1      | Prayed at the altar of an unknown god.
   210 | D:1      | Became a worshipper of Lugonu the Unformed
   210 | D:1      | Reached * piety under Lugonu
   210 | D:1      | Reached ** piety under Lugonu
   462 | D:1      | Learned a level 2 spell: Ensorcelled Hibernation
   846 | D:1      | Found Wobu's Armour Boutique.
   877 | D:1      | Reached XP level 3. HP: 19/19 MP: 6/6
  2181 | D:2      | Reached XP level 4. HP: 24/24 MP: 7/7
  2416 | D:2      | Reached skill level 5 in Stealth
  2757 | D:3      | Reached *** piety under Lugonu
  3426 | D:4      | Noticed a gnoll sergeant
  3585 | D:4      | Slain by a gnoll sergeant

Illustrated notes

Levels and vault maps discovered:
D:1:      elethiomel_arrival_infinity_welcomes_careful_drivers, layout_basic,
          shapermc_ecumenical_altar_pompeii, serial_shops,
          nicolae_shop_waterfront, solitary_fountain
D:2:      minmay_evil_eye, layout_basic, skrybe_limestone_x
D:3:      cheibrodos_old_hovel, layout_loops_ring
D:4:      layout_layer_cave, nemelex_dance_club_becter,
          dilly_guarded_unrand_morg

Skill      XL: |  1  2  3  4 |
---------------+-------------+-----
Hexes          | 4 |  4.6
Stealth        | 5 |  5.3
Short Blades   | |  1.3
Dodging        | |  2.4
Spellcasting   | |  2.1

Action                   |  1- 3 |  4- 6 || total
-------------------------+-------+-------++-------
Melee: Dagger            |    78 |    63 ||   141
       Punch             |       |     1 ||     1
 Cast: Ensorcelled Hiber |     5 |     3 ||     8
 Stab: Sleeping          |    26 |    15 ||    41
Armor: Robe              |     3 |     8 ||    11
Dodge: Dodged            |    37 |    38 ||    75
